 Dungeon Crawl Stone Soup version 0.30-a0-354-g6b83867211 (webtiles) character file.

Game seed: 2414543257536486023

60 blackman the Sneak (level 4, 0/35 HPs)
             Began as a Human Delver on Nov 8, 2022.
             Slain by a goblin
             ... wielding a +0 club
             ... led by Robin
              (2 damage)
             ... on level 2 of the Dungeon.
             The game lasted 00:04:07 (1279 turns).

blackman the Sneak (Human Delver)                   Turns: 1279, Time: 00:04:08

Health: 0/35       AC:  3    Str: 12    XL:     4   Next: 25%
Magic:  4/4        EV: 12    Int: 10    God:
Gold:   79         SH:  0    Dex: 17    Spells: 3/3 levels left

rFire   . . .      SeeInvis .    a - +0 falchion
rCold   . . .      Faith    .    (no shield)
rNeg    . . .      Spirit   .    b - +0 leather armour
rPois   .          Reflect  .    (no helmet)
rElec   .          Harm     .    (no cloak)
rCorr   .          Rampage  .    (no gloves)
Will    .....                    (no boots)
Stlth   +++.......               (no amulet)
HPRegen 0.25/turn                (no ring)
MPRegen 0.09/turn                (no ring)

@: no status effects
A: no striking features
a: no special abilities


You were on level 2 of the Dungeon.
You visited 1 branch of the dungeon, and saw 4 of its levels.

You collected 79 gold pieces.

Inventory:

Hand Weapons
 a - a +0 falchion (weapon)
Armour
 b - a +0 leather armour (worn)
 e - a +0 plate armour
Jewellery
 j - a ring of wizardry
 k - an amulet of the acrobat
Wands
 g - a wand of digging (2)
Scrolls
 c - a scroll of fog
 d - 2 scrolls of magic mapping
 f - a scroll of identify {unknown}
 n - a scroll of enchant weapon {unknown}
Potions
 h - a potion of mutation {unknown}
 i - 2 potions of curing {unknown}
 l - 2 potions of heal wounds {unknown}
 m - a potion of might {unknown}


   Skills:
 - Level 3.0 Fighting
 - Level 3.2 Long Blades
 - Level 2.0 Dodging
 - Level 5.0 Stealth
 * Level 2.3 Necromancy


You had 3 spell levels left.
You didn't know any spells.
Your spell library contained the following spells:

 Spells                   Type           Power      Damage    Failure   Level
 Alistair's Intoxication  Tmut/Pois      0%         N/A       100%        5
 Borgnjor's Vile Clutch   Necr/Erth      1%         N/A       100%        5
 Eringya's Noxious Bog    Tmut/Pois      0%         N/A       100%        6


Dungeon Overview and Level Annotations

Branches:
Dungeon (5/15)
 Temple: D:4-7

Altars:
Nemelex Xobeh
Wu Jian

Shops:
D:2 *

Annotations:
D:5 Eustachio


Message History

You are too injured to fight recklessly!
You are too injured to fight recklessly!
You are too injured to fight recklessly!
You are too injured to fight recklessly!
You hit Robin.
You kill Robin!
The goblin hits you but does no damage.
A goblin comes into view. It is wielding a +0 dagger.
Your Necromancy skill increases to level 2!
You have reached level 4!
You feel agile.
You slash the goblin!
You kill the goblin!
The goblin misses you.
You barely miss the goblin. The goblin barely misses you.
The goblin hits you but does no damage.
You slash the goblin!
You kill the goblin!
The goblin completely misses you.
You completely miss the goblin. The goblin closely misses you.
The goblin hits you with a +0 club. The goblin barely misses you.
The goblin closely misses you.
You closely miss the goblin. The goblin barely misses you. x2
You closely miss the goblin. The goblin hits you with a +0 dagger.
The goblin hits you with a +0 club.
* * * LOW HITPOINT WARNING * * *
You hit the goblin.
The goblin is severely wounded.
The goblin hits you with a +0 dagger.
* * * LOW HITPOINT WARNING * * *
The goblin misses you.
You slash the goblin!
You kill the goblin!
The goblin hits you but does no damage.
You hit the goblin.
The goblin is heavily wounded.
The goblin hits you with a +0 dagger.
* * * LOW HITPOINT WARNING * * *
The goblin hits you with a +0 club.
You die...

#.##.###########.
##...##
#.##.............
#...#
#.##..##...#####
.....
####..##.#.##
#........#
#.#####.#####..
#.............#
#######g#######
#@# #g# #.. ####


You could see 2 goblins.

Vanquished Creatures
  Robin (D:2)
  3 adders
  An orc (D:3)
  2 bats (D:2)
  A giant cockroach (D:3)
  2 hobgoblins (D:2)
  A quokka (D:2)
  9 goblins
  A kobold (D:2)
21 creatures vanquished.

Notes
Turn   | Place    | Note
-------+----------+-------------------------------------------
     0 | D:5      | blackman the Human Delver began the quest for the Orb.
     0 | D:5      | Reached XP level 1. HP: 18/18 MP: 1/1
    31 | D:5      | Reached XP level 2. HP: 9/24 MP: 2/2
   101 | D:5      | Noticed Eustachio
   233 | D:5      | Noticed a howler monkey
   387 | D:4      | Found a sparkling altar of Nemelex Xobeh.
   463 | D:4      | Reached XP level 3. HP: 29/29 MP: 3/3
   494 | D:4      | Reached skill level 1 in Necromancy
   941 | D:3      | Found an ornate altar of the Wu Jian Council.
  1022 | D:2      | Found Woddyffa's Assorted Antiques.
  1259 | D:2      | Noticed Robin
  1270 | D:2      | Killed Robin
  1271 | D:2      | Reached XP level 4. HP: 18/35 MP: 4/4
  1279 | D:2      | Slain by a goblin

Illustrated notes

Levels and vault maps discovered:
D:2:      layout_basic, serial_shops, nicolae_shop_hallway_stairs, uniq_robin
D:3:      layout_basic, good_gods_mini_temple,
          mainiacjoe_overflow_catwalk_spiral, mainiacjoe_overflow_brackets,
          portal_sewer_entry_a, grunt_decor_one_mirror, lexackson_kobold_supper
D:4:      layout_basic, nicolae_ru_great_annihilating_truth,
          mainiacjoe_overflow_alcove_1, temple_pool_b
D:5:      layout_gridville, yredelemnul_forgotten_temple_becter,
          chequers_garden, uniq_duvessa, uniq_menkaure, uniq_eustachio

Skill      XL: |  1  2  3 |
---------------+----------+-----
Long Blades    | 3 |  3.2
Necromancy     | 2 |  2.3
Fighting       | |  3.0
Dodging        | |  2.0
Stealth        | |  5.0

Action                   |  1- 3 |  4- 6 || total
-------------------------+-------+-------++-------
Melee: Falchion          |    76 |     9 ||    85
Evoke: Wand              |     1 |       ||     1
  Use: Scroll            |     1 |       ||     1
       Potion            |     1 |       ||     1
 Stab: Sleeping          |     5 |       ||     5
Armor: Leather armour    |    23 |     2 ||    25
Dodge: Dodged            |    58 |     9 ||    67

Table legend: (Time is in decaauts)
 A = Elapsed time spent in this place.
 B = Non-inter-level travel time spent in this place.
 C = Inter-level travel time spent in this place.
 D = Time resting spent in this place.
 E = Time spent auto-exploring this place.
 F = Levels seen in this place.
 G = Mean time per level.
                   A        B        C        D        E       F      G
               +--------+--------+--------+--------+--------+-----+--------+
         Total |   1272 |   1229 |     43 |    348 |    505 |   4 |  318.0 |
       Dungeon |   1272 |   1229 |     43 |    348 |    505 |   4 |  318.0 |
               +--------+--------+--------+--------+--------+-----+--------+

Top non-repeatable levels by time:
     D:4: 648 daAuts
     D:5: 278 daAuts
     D:2: 262 daAuts
     D:3: 83 daAuts
